 Dungeon Sprint DCSS version 0.28.0-43-g3370ac3207 (webtiles) character file.

Game seed: 16462193385544147316

6719 boopmooplesden the Cruncher (level 10, -14/151 HPs)
             Began as a Minotaur Berserker on Mar 13, 2022.
             Was the Champion of Trog.
             Demolished by a spriggan defender
             ... wielding a +1 demon whip of electrocution
              (32 damage)
             ... in the Dungeon (Sprint IV: "Fedhas' Mad Dash").
             The game lasted 00:05:20 (2961 turns).

boopmooplesden the Cruncher (Minotaur Berserker)    Turns: 2961, Time: 00:05:20

Health: -14/151    AC:  4    Str: 29    XL:     10   Next: 74%
Magic:  9/9        EV: 15    Int:  6    God:    Trog [******]
Gold:   204        SH:  0    Dex: 12    Spells: 9/9 levels left

rFire   + . .      SeeInvis +   q - +5 lajatang
rCold   . . .      Faith    .   (shield currently unavailable)
rNeg    . . .      Spirit   .   l - +1 leather armour of Bunnur {rF+ Str+7 SInv}
rPois   .          Reflect  .   (helmet restricted)
rElec   .          Harm     .   (no cloak)
rCorr   +          Rampage  .   (no gloves)
Will    .....      NoTele   +   (no boots)
Stlth   ..........              i - amulet of invisibility {+Inv}
HPRegen 0.35/turn               o - ring of resist corrosion
MPRegen 0.11/turn               (no ring)

@: berserking, very quick
A: horns 2, retaliatory headbutt
a: Renounce Religion, Evoke Invisibility, Berserk, Trog's Hand, Brothers in Arms


You were in the Dungeon.
You worshipped Trog.
Trog was exalted by your worship.
You visited 1 branch You collected 204 gold pieces.

Inventory:

Hand Weapons
 a - a +0 hand axe
 m - a +0 quarterstaff of speed
 n - a +3 vorpal quarterstaff
 q - a +5 lajatang (weapon)
Missiles
 j - 16 sling bullets
 p - 3 poisoned darts (quivered)
Armour
 b - a +0 animal skin
 l - the +1 leather armour of Bunnur (worn) {rF+ Str+7 SInv}
   (You found it in the Dungeon)

   Str:       It affects your strength (+7).
   rF:        It protects you from fire.
   SInv:      It lets you see invisible.
 t - the +4 robe of Efipleir {Rampage Will- Int+7 Dex-2}
   (You found it in the Dungeon)

   Int:       It affects your intelligence (+7).
   Dex:       It affects your dexterity (-2).
   Rampage:   It bestows one free step when moving towards enemies.
   Will:      It decreases your willpower.
Jewellery
 i - the amulet of invisibility (around neck) {+Inv}
   (You found it in the Dungeon)

   [amulet of nothing]

   +Inv:      It lets you turn invisible.
 o - a ring of resist corrosion (left hand)
Scrolls
 h - a scroll of blinking
 r - a scroll of identify
Potions
 c - a potion of curing
 d - 4 potions of heal wounds
 e - a potion of haste
 f - 2 potions of magic
 g - a potion of berserk rage
 k - a potion of resistance {unknown}


   Skills:
 + Level 13.2 Fighting
 + Level 13.2 Axes
 + Level 13.8 Staves
 + Level 0.9 Throwing
 + Level 6.2 Armour
 + Level 8.4 Dodging
 + Level 11.1 Stealth
 + Level 9.5 Evocations


You had 9 spell levels left.
You didn't know any spells.
Your spell library was empty.

Dungeon Overview and Level Annotations

Branches:
Dungeon (1/1)

Altars:
Cheibriados
Dithmenos
Elyvilon
Gozag
Hepliaklqana
Kikubaaqudgha
Makhleb
Nemelex Xobeh
Okawaru
Qazlal
Ru
Sif Muna
Trog
Uskayaw
Vehumet
Wu Jian
Xom
Yredelemnul
Zin
The Shining One
Beogh
Jiyva
Lugonu

Shops:
D !:?==*([


Innate Abilities, Weirdness & Mutations

You have a pair of horns on your head.
You reflexively headbutt those who attack you in melee.


Message History

You flicker back into view.
You start resting.
Your magical contamination has completely faded away.
You start resting.
You feel yourself speed up.
You start resting.
You recover from your berserk rage.
You start resting.
HP restored.
Found Tyluc's Jewellery Shoppe.
A spriggan defender comes into view.
It is wielding a +1 demon whip of electrocution.
Found a runed hand crossbow.
There is an entrance to Horphade's Magic Scroll Emporium here.
The spriggan defender shouts!
The spriggan defender hits you with a +1 demon whip of electrocution!!
There is an entrance to Tyluc's Jewellery Shoppe here.
A red film seems to cover your vision as you go berserk!
You feel yourself moving faster!
You feel mighty!
The spriggan defender hits you with a +1 demon whip of electrocution.
You are electrocuted!
You slice the spriggan defender!!
The spriggan defender is moderately wounded.
The spriggan defender hits you with a +1 demon whip of electrocution!
You are electrocuted!
You miss the spriggan defender.
The spriggan defender is moderately wounded.
The spriggan defender hits you with a +1 demon whip of electrocution!
You are electrocuted!
* * * LOW HITPOINT WARNING * * *
You closely miss the spriggan defender.
Your headbutt misses the spriggan defender.
The spriggan defender is moderately wounded.
The spriggan defender hits you with a +1 demon whip of electrocution!!
* * * LOW HITPOINT WARNING * * *
The spriggan defender blocks your attack.
The spriggan defender is moderately wounded.
You barely miss the spriggan defender.
The spriggan defender is moderately wounded.
The spriggan defender hits you with a +1 demon whip of electrocution!!
You die...

############....(.###)....♣.#
.♣.###.'..'.....).'.))..♣..∩#
..♣##:.#..#.P.....###########
♣).###.##'##.P....#
..♣'...#♣)♣########
########.....####
#..♣..♣....###
#...♣......♣...♣###
......♣.....∩.@i..)#
####################


You could see a spriggan defender.

Vanquished Creatures
  Agnes (D)
  A spriggan berserker (D)
  A spriggan druid (D)
  6 oklob plants (D)
  A demonic crawler (D)
  3 burning bushes (D)
  3 wandering mushrooms (D)
  A queen bee (D)
  A hornet (D)
  3 scorpions (D)
  4 killer bees (D)
  5 oklob saplings (D)
  5 spriggans (D)
  A river rat (D)
  A rat (D)
37 creatures vanquished.

Vanquished Creatures (others)
  A ballistomycete spore (D)
  3 fungi (D)
4 creatures vanquished.

Grand Total: 41 creatures vanquished

Notes
Turn   | Place    | Note
-------+----------+-------------------------------------------
     0 | D        | boopmooplesden the Minotaur Berserker began the quest for
                  | the Orb.
     0 | D        | Reached XP level 1. HP: 19/19 MP: 0/0
     9 | D        | Reached XP level 2. HP: 28/28 MP: 1/1
    45 | D        | Noticed an oklob sapling
    50 | D        | Killed an oklob sapling
    50 | D        | Reached ** piety under Trog
    51 | D        | Reached XP level 3. HP: 12/37 MP: 2/2
    52 | D        | Noticed a scorpion
    52 | D        | Found the amulet of invisibility {+Inv}
    54 | D        | Killed a scorpion
    55 | D        | Reached XP level 4. HP: 14/47 MP: 3/3
   529 | D        | Found an opulent altar of Gozag.
   529 | D        | Found a hazy altar of Hepliaklqana.
   529 | D        | Found a snail-covered altar of Cheibriados.
   530 | D        | Found a viscous altar of Jiyva.
   530 | D        | Found a burning altar of Makhleb.
   530 | D        | Found a sparkling altar of Nemelex Xobeh.
   530 | D        | Found a sacrificial altar of Ru.
   530 | D        | Found a shimmering blue altar of Sif Muna.
   530 | D        | Found a bloodstained altar of Trog.
   530 | D        | Found an ornate altar of the Wu Jian Council.
   530 | D        | Found a shimmering altar of Xom.
   530 | D        | Found a basalt altar of Yredelemnul.
   531 | D        | Found an iron altar of Okawaru.
   531 | D        | Found a glowing silver altar of Zin.
   531 | D        | Found a shadowy altar of Dithmenos.
   532 | D        | Found a hide-covered altar of Uskayaw.
   532 | D        | Found an ancient bone altar of Kikubaaqudgha.
   533 | D        | Found a glowing golden altar of the Shining One.
   533 | D        | Found a stormy altar of Qazlal.
   533 | D        | Found a white marble altar of Elyvilon.
   534 | D        | Found a radiant altar of Vehumet.
   534 | D        | Found a corrupted altar of Lugonu.
   543 | D        | Reached skill level 1 in Stealth
   543 | D        | Reached skill level 1 in Evocations
   543 | D        | Reached XP level 5. HP: 38/56 MP: 1/4
   655 | D        | Reached *** piety under Trog
   664 | D        | Reached skill level 5 in Armour
   670 | D        | Reached XP level 6. HP: 64/64 MP: 3/5
   732 | D        | Found Atwaper's Book Shop.
   733 | D        | Found Soriuqeo's Distillery.
   743 | D        | Noticed a burning bush
   743 | D        | Noticed a wandering mushroom
   744 | D        | Noticed a wandering mushroom
   887 | D        | Reached **** piety under Trog
   888 | D        | Reached skill level 10 in Axes
   888 | D        | Reached skill level 5 in Dodging
   894 | D        | Killed a wandering mushroom
   895 | D        | Reached skill level 10 in Fighting
   895 | D        | Reached skill level 5 in Stealth
   895 | D        | Reached XP level 7. HP: 73/73 MP: 6/6
   904 | D        | Killed a burning bush
   906 | D        | Found Heur's General Store.
   906 | D        | Found Laptut's Jewellery Shoppe.
  1189 | D        | Identified the +1 leather armour of Bunnur {rF+ Str+7 SInv}
  1459 | D        | Noticed a queen bee
  1470 | D        | Reached ***** piety under Trog
  1471 | D        | Reached XP level 8. HP: 82/82 MP: 5/7
  1473 | D        | Killed a queen bee
  1474 | D        | Reached skill level 5 in Evocations
  1581 | D        | Noticed an oklob plant
  1598 | D        | Killed an oklob plant
  1598 | D        | Received a gift from Trog
  1624 | D        | Noticed a burning bush
  1634 | D        | Killed a burning bush
  1657 | D        | Noticed a burning bush
  1657 | D        | Noticed an oklob plant
  1677 | D        | Noticed a wandering mushroom
  1706 | D        | Killed a burning bush
  1707 | D        | Reached skill level 5 in Staves
  1707 | D        | Reached XP level 9. HP: 90/90 MP: 8/8
  1721 | D        | Killed an oklob plant
  2064 | D        | Identified the +4 barding of Fortitude {Will+ Regen+}
  2078 | D        | Noticed a spriggan druid
  2090 | D        | Killed a spriggan druid
  2126 | D        | Noticed an oklob plant conjurer
  2130 | D        | Killed an oklob plant conjurer
  2130 | D        | Received a gift from Trog
  2131 | D        | Reached skill level 10 in Stealth
  2202 | D        | Noticed an oklob plant
  2202 | D        | Noticed an oklob plant summoner
  2207 | D        | Noticed an oklob plant shifter
  2213 | D        | Killed an oklob plant summoner
  2219 | D        | Killed an oklob plant
  2220 | D        | Reached skill level 10 in Staves
  2220 | D        | Reached XP level 10. HP: 94/99 MP: 7/9
  2229 | D        | Killed an oklob plant shifter
  2233 | D        | Identified the +4 robe of Efipleir {Rampage Will- Int+7
                  | Dex-2}
  2427 | D        | Noticed a spriggan rider
  2429 | D        | Found Womuntupp's Weapon Emporium.
  2432 | D        | Reached ****** piety under Trog
  2432 | D        | Received a gift from Trog
  2437 | D        | Found Aqommel's Antique Armour Shoppe.
  2709 | D        | Noticed Agnes
  2713 | D        | Noticed a spriggan berserker
  2717 | D        | Killed Agnes
  2720 | D        | Killed a spriggan berserker
  2721 | D        | Found Horphade's Magic Scroll Emporium.
  2949 | D        | Found Tyluc's Jewellery Shoppe.
  2951 | D        | Noticed a spriggan defender
  2961 | D        | Demolished by a spriggan defender

Illustrated notes

Levels and vault maps discovered:
D:        dungeon_sprint_fedhas [sprint_temple]

Skill      XL: |  1  2  3  4  5  6  7  8  9 10 |
---------------+-------------------------------+-----
Fighting       | 4 6 7 8 9 10 11 12 13 | 13.2
Axes           | 4 6 7 8 9 11 12 13 | 13.2
Armour         | 3 4 5 6 |  6.2
Dodging        | 3 4 5 6 7 8 |  8.4
Stealth        | 1 3 5 7 9 10 11 | 11.1
Evocations     | 1 2 3 4 6 8 9 |  9.5
Staves         | 5 10 13 | 13.8
Throwing       | |  0.9

Action                   |  1- 3 |  4- 6 |  7- 9 | 10-12 || total
-------------------------+-------+-------+-------+-------++-------
Melee: Hand axe          |     9 |    36 |    15 |       ||    60
       Punch             |     1 |       |       |       ||     1
       Headbutt          |     2 |    10 |    24 |     5 ||    41
       Quarterstaff      |       |       |    56 |       ||    56
       Lajatang          |       |       |     5 |    28 ||    33
Throw: Dart              |       |       |     1 |       ||     1
Invok: Berserk           |     2 |     2 |     4 |     2 ||    10
 Abil: Evoke Invisibilit |       |     3 |     6 |     1 ||    10
  Use: Scroll            |     1 |       |       |     1 ||     2
 Stab: Invisible         |       |     7 |     4 |     1 ||    12
       Sleeping          |       |     2 |     3 |     1 ||     6
Armor: Leather armour    |       |       |     5 |       ||     5
Dodge: Dodged            |     1 |    12 |    16 |    10 ||    39
